 Dungeon Crawl Stone Soup version 0.19.0-20-gbc5f0c6 (webtiles) character file.

649 smedtjen the Magician (level 7, -6/52 HPs)
             Began as a Purple Draconian Air Elementalist on Nov 17, 2016.
             Was a Believer of Sif Muna.
             Splashed by a jelly's acid (7 damage)
             ... on level 3 of the Dungeon.
             The game lasted 00:47:47 (9162 turns).

smedtjen the Magician (DrAE)                        Turns: 9162, Time: 00:47:47

Health: -6/52      AC: -2    Str: 11    XL:     7   Next: 28%
Magic:  3/14       EV: 12    Int: 17    God:    Sif Muna [**....]
Gold:   149        SH:  0    Dex: 11    Spells: 4 memorised, 5 levels left

rFire  . . .     SeeInvis .     q - +1 dagger (venom)
rCold  . . .     Gourm    .     (armour unavailable)
rNeg   . . .     Faith    +     (no shield)
rPois  .         Spirit   .     (helmet restricted)
rElec  .         Reflect  .     (no cloak)
rCorr  .         Harm     .     (no gloves)
MR     +....                    (no boots)
Stlth  ++........               m - amulet of faith
                                (no ring)
                                (no ring)

@: corroded, very slightly contaminated, repel missiles
A: breathe power, unfitting armour, cold-blooded, AC +6
a: Breathe Dispelling Energy, Divine Energy, Renounce Religion


You were on level 3 of the Dungeon.
You worshipped Sif Muna.
Sif Muna was pleased with you.
You were not hungry.

You visited 1 branch of the dungeon, and saw 3 of its levels.
You also visited: Sewer.

You collected 149 gold pieces.

Inventory:

Hand Weapons
 b - a +0 halberd
 d - a +0 short sword of flaming
 o - a +1 short sword
 p - a +0 hunting sling
 q - a +1 dagger of venom (weapon)
 r - a +0 blowgun
Missiles
 h - 65 stones
 i - 63 poisoned needles (quivered)
 t - 12 sling bullets
Armour
 g - a +0 large shield
 E - a +0 ring mail of fire resistance
Jewellery
 m - an amulet of faith (around neck)
 v - a cursed amulet of inaccuracy {unknown}
Wands
 B - a wand of enslavement (12/24)
Scrolls
 s - 2 scrolls of identify {unknown}
 u - a scroll of recharging {unknown}
 x - a scroll of fog
 y - a scroll of teleportation
 z - a scroll of blinking {unknown}
 C - a scroll of fear {unknown}
 F - a scroll of enchant weapon
Potions
 c - a potion of might {unknown}
 e - a potion of mutation {unknown}
 f - 4 potions of degeneration {unknown}
 j - a potion of cancellation {unknown}
 k - a potion of berserk rage {unknown}
 l - 2 potions of curing {unknown}
 n - 4 potions of lignification {unknown}
 w - 2 potions of agility {unknown}
 A - 2 potions of ambrosia {unknown}
 D - a potion of heal wounds {unknown}
Books
 a - a book of Air

   Spells                             Type                      Level
   a - Shock                          Conjuration/Air              1
   b - Swiftness                      Charms/Air                   2
   c - Repel Missiles                 Charms/Air                   2
   d - Static Discharge               Conjuration/Air              3
   e - Lightning Bolt                 Conjuration/Air              5


   Skills:
 + Level 1.3 Fighting
 + Level 1.5 Short Blades
 + Level 2.6 Dodging
 + Level 3.1 Stealth
 + Level 0.4 Unarmed Combat
 + Level 5.0 Spellcasting
 + Level 3.1 Conjurations
 + Level 0.4 Charms
 + Level 5.0 Air Magic


You had 5 spell levels left.
You knew the following spells:

 Your Spells              Type           Power        Failure   Level  Hunger
a - Shock                 Conj/Air       ###.         2%          1    None
b - Static Discharge      Conj/Air       ###.....     10%         3    ###....
c - Repel Missiles        Chrm/Air       ##....       10%         2    #......
d - Lightning Bolt        Conj/Air       ###.......   82%         5    ######.


Dungeon Overview and Level Annotations

Branches:
Dungeon (3/15)

Altars:
Hepliaklqana
Okawaru
Ru
Sif Muna
Xom


Innate Abilities, Weirdness & Mutations

You can breathe bolts of dispelling energy.
Your rich purple scales are hard. (AC +6)
You cannot fit into any form of body armour.
You are cold-blooded and may be slowed by cold attacks.


Message History

The jelly hits you. The acid corrodes you!
You are splashed with acid!
The acid burns!
* * * LOW HITPOINT WARNING * * *
The jelly hits you.
* * * LOW HITPOINT WARNING * * *
The acid corrodes you!
You are splashed with acid!
The acid burns!
* * * LOW HITPOINT WARNING * * *
Casting: Static Discharge
Confirm with . or Enter, or press ? or * to list all spells.
You don't have enough magic to cast that spell.
Casting: Static Discharge
Confirm with . or Enter, or press ? or * to list all spells.
You don't have enough magic to cast that spell.
Quiver which item? (- for none, * to show all) (? for menu, Esc to quit)
Okay, then.
Okay, then.
The jelly hits you.
* * * LOW HITPOINT WARNING * * *
The acid corrodes you!
You are splashed with acid!
The acid burns!
You die...

#.......# #..# #. ###.....#
#..# #.
#..#######..#############.
###.........).............
..##########.......#.#######
.....8### #.....#...# #
_.....'.########.##.## #
.....8#...J.# #.##.## #
..#########@####.#...#### #
#.#..##..........#....# #
#.#..##.#####..#...##.# #
##### #.#..##.# #..##.###.#
# ....# #.#.###.# #.....#
#.# # .#### #.#.....#
#..#..# #.# # .#
#.#.###.#####.##..# #.# # .#
#.#.# #<......##..###.####
รท# #.#.#
####.##....<........


You could see a jelly.

Vanquished Creatures
  5 big kobolds (Sewer)
  2 worker ants (D:3)
  3 gnolls (D:2)
  9 adders
  2 river rats (Sewer)
  4 oozes
  7 worms
  2 dart slugs (D:1)
  4 leopard geckos
  3 orcs (D:3)
  2 ball pythons (Sewer)
  13 bats
  6 giant cockroaches
  5 hobgoblins
  5 frilled lizards
  8 goblins
  15 kobolds
  5 rats
100 creatures vanquished.

Notes
Turn   | Place    | Note
-------+----------+-------------------------------------------
     0 | D:1      | smedtjen the Draconian Air Elementalist began the quest for the Orb.
     0 | D:1      | Reached XP level 1. HP: 14/14 MP: 3/3
   619 | D:1      | Reached XP level 2. HP: 3/20 MP: 1/5
  1130 | D:1      | Learned a level 2 spell: Repel Missiles
  2279 | D:1      | Reached XP level 3. HP: 26/26 MP: 6/6
  2957 | D:2      | Found a deep blue altar of Sif Muna.
  2964 | D:2      | Became a worshipper of Sif Muna the Loreminder
  3723 | D:2      | Learned a level 3 spell: Static Discharge
  3752 | D:2      | Reached XP level 4. HP: 33/33 MP: 4/8
  3896 | D:2      | Found an iron altar of Okawaru.
  4297 | D:2      | HP: 1/33 [gnoll/club (10)]
  5179 | D:3      | Found a hazy altar of Hepliaklqana.
  5312 | D:3      | Found a glowing drain.
  5379 | Sewer    | Entered a sewer
  5400 | Sewer    | Noticed a big kobold
  5437 | Sewer    | Killed a big kobold
  5437 | Sewer    | Reached skill level 1 in Short Blades
  5437 | Sewer    | Reached XP level 5. HP: 17/39 MP: 4/9
  5746 | Sewer    | Reached * piety under Sif Muna
  5995 | Sewer    | Reached XP level 6. HP: 42/46 MP: 6/11
  6002 | Sewer    | Reached skill level 1 in Fighting
  7388 | Sewer    | Your scales start taking on a rich purple colour.
  7388 | Sewer    | Reached XP level 7. HP: 52/52 MP: 1/14
  8230 | D:3      | Reached skill level 5 in Spellcasting
  8485 | D:3      | Reached ** piety under Sif Muna
  8485 | D:3      | Reached skill level 5 in Air Magic
  8493 | D:3      | Learned a level 5 spell: Lightning Bolt
  8687 | D:3      | Found a sacrificial altar of Ru.
  9149 | D:3      | Found a shimmering altar of Xom.
  9162 | D:3      | HP: 1/52 [jelly (3)]
  9162 | D:3      | Splashed by a jelly's acid

Skill      XL: |  1  2  3  4  5  6  7 |
---------------+----------------------+-----
Dodging        | 2 |  2.6
Stealth        | 2 3 |  3.1
Conjurations   | 2 3 |  3.1
Short Blades   | 1 |  1.5
Spellcasting   | 3 4 5 |  5.0
Air Magic      | 4 5 |  5.0
Fighting       | 1 |  1.3
Unarmed Combat | |  0.4
Charms         | |  0.4

Action                   |  1- 3 |  4- 6 |  7- 9 || total
-------------------------+-------+-------+-------++-------
Melee: Unarmed           |    30 |       |       ||    30
       Dagger            |    23 |    37 |    19 ||    79
       Tailslap          |    10 |     4 |     1 ||    15
       Short sword       |    22 |       |       ||    22
 Cast: Shock             |    78 |   106 |    58 ||   242
       Repel Missiles    |     1 |     2 |       ||     3
       Static Discharge  |     1 |       |     8 ||     9
  Use: Scroll            |     2 |     1 |     1 ||     4
  Eat: Bread ration      |     1 |     2 |       ||     3
       Chunk             |     6 |       |     4 ||    10
       Meat ration       |       |     1 |       ||     1
Armor: Skin              |    35 |    14 |    10 ||    59
Dodge: Dodged            |    63 |    32 |    15 ||   110
       Deflected         |     1 |     1 |     1 ||     3
